Map: Catalizador EJ

Players

VortiX

  • Race: Zerg Zerg
  • Spawn Location: 5:00

Clem - Winner!

  • Race: Terran Terran
  • Spawn Location: 11:00

Event: WCS Valencia 2018

VOD

Have the link to the VOD?

Description

Time

  • Played on: July 12, 2018, 10:39 a.m.
  • Length: 7:01

All games in this series

Show
View Real Time Build Order
Export as new Build Order

VortiX Zerg 

Build Orders: Pool First 

Get SALT Encoding   

  12  0:00  Drone  
  13  0:12  Overlord  
  13  0:17  Drone  
  14  0:30  Drone x2  
  16  0:41  Spawning Pool  
  15  0:44  Drone  
  15  0:48  Drone  
  17  0:55  Drone  
  18  1:01  Extractor  
  17  1:16  Hatchery  
  16  1:28  Zergling x6  
  19  1:36  Roach Warren  
  18  1:47  Queen  
  20  1:56  Overlord  
  20  2:16  Roach x3  
  26  2:28  Roach  
  27  2:33  Roach  
  29  2:41  Ravager  
  29  2:42  Overlord  
  29  2:45  Drone  
  29  2:48  Drone  
  30  2:54  Drone  
  31  2:59  Drone  
  32  3:06  Drone x2  
  32  3:08  Ravager  
  35  3:13  Drone  
  35  3:14  Drone  
  35  3:17  Drone  
  38  3:23  Overlord  
  38  3:29  Drone  
  39  3:35  Drone x2  
  41  3:43  Overlord  
  41  3:52  Ravager  
  40  3:57  Drone x2  
  40  4:01  Drone x3  
  43  4:05  Drone  
  41  4:15  Queen  
  37  4:24  Metabolic Boost  
  37  4:25  Drone  
  37  4:26  Hatchery, Drone x2  
  37  4:29  Queen  
  41  4:36  Zergling x4  
  43  4:40  Zergling x4  
  43  4:45  Zergling x4  
  47  4:48  Zergling x4  
  49  4:53  Overlord  
  49  4:54  Queen  
  51  5:03  Overlord  
  51  5:04  Drone  
  52  5:13  Drone x3  
  52  5:14  Drone  
  56  5:22  Extractor  
  56  5:24  Overlord  
  56  5:28  Drone  
  56  5:36  Drone x2  
  56  5:42  Overlord x3  
  58  5:43  Roach x3  
  58  5:44  Roach  
  66  5:51  Roach x2  
  66  5:52  Roach  
  72  6:00  Overlord  
  72  6:01  Roach  
  74  6:06  Roach  
  74  6:07  Roach  
  74  6:10  Zergling x10  
  83  6:11  Ravager  
  83  6:13  Overlord  
  83  6:14  Ravager  
  84  6:18  Spore Crawler  
  84  6:21  Spore Crawler  
  84  6:24  Zergling x6  
  83  6:30  Overlord, Drone x3  
  83  6:31  Drone  
  84  6:38  Drone x3  
  85  6:43  Overlord  
Show
View Real Time Build Order
Export as new Build Order

Clem Terran - Winner!

Build Orders: Gas First Reaper Expand, Reaper Expand 

Get SALT Encoding   

  12  0:00  SCV  
  13  0:12  SCV  
  14  0:17  Supply Depot  
  14  0:24  SCV  
  15  0:29  Refinery  
  15  0:38  SCV  
  16  0:44  Barracks  
  16  0:50  SCV  
  17  1:03  SCV  
  18  1:15  SCV  
  19  1:31  Orbital Command  
  19  1:32  Reaper  
  20  1:43  Command Center  
  20  1:54  Factory  
  20  1:59  SCV  
  21  2:07  Barracks Reactor  
  20  2:09  Supply Depot  
  20  2:14  SCV  
  21  2:18  Refinery  
  21  2:26  SCV  
  22  2:38  SCV  
  23  2:46  Starport  
  23  2:50  SCV  
  24  2:52  Hellion  
  24  2:54  Barracks Tech Lab  
  28  3:02  SCV  
  28  3:08  Cyclone, Marine  
  28  3:11  Supply Depot  
  30  3:14  SCV  
  33  3:25  Orbital Command  
  33  3:32  Marine  
  35  3:34  Cyclone  
  35  3:40  Supply Depot  
  33  3:48  Medivac  
  35  3:50  Barracks Tech Lab  
  35  3:51  SCV  
  36  3:59  SCV  
  35  4:03  SCV  
  34  4:11  SCV  
  34  4:13  Cyclone  
  36  4:19  SCV  
  36  4:23  SCV  
  37  4:31  SCV  
  37  4:34  Cloaking Field  
  37  4:35  Supply Depot, SCV  
  38  4:40  Marine  
  38  4:43  SCV  
  42  4:45  Hellion  
  42  4:47  SCV  
  42  4:50  Banshee  
  46  4:56  SCV  
  46  4:59  Supply Depot  
  48  5:00  SCV  
  48  5:08  SCV, Factory Tech Lab, Barracks Reactor  
  48  5:12  SCV  
  50  5:20  SCV  
  51  5:21  Command Center  
  51  5:24  SCV  
  52  5:33  SCV, Banshee  
  56  5:36  Supply Depot, SCV  
  57  5:44  Barracks x2  
  57  5:45  SCV  
  57  5:46  Marine x2  
  57  5:48  SCV  
  61  5:52  Engineering Bay  
  61  5:55  Engineering Bay  
  61  5:58  Supply Depot, Siege Tank  
  61  5:59  SCV  
  61  6:00  SCV  
  66  6:06  Refinery x2  
  66  6:13  SCV x2  
  68  6:18  Bunker  
  68  6:25  SCV x2, Marine  
  71  6:26  Starport Reactor  
  71  6:27  Bunker  
  71  6:30  Supply Depot  
  71  6:35  Orbital Command  
  71  6:37  SCV  
  75  6:42  Marine  
  75  6:43  SCV  
  77  6:48  Supply Depot  
Tags
 
Add a new tag
Caveats
  • Supply blocks, unpowered buildings, or Contaminate may cause inaccurate times.
  • Supply counts are checked every 10 seconds.